 Dungeon Crawl Stone Soup version 0.25-a0-544-gee0576305d (webtiles) character file.

Game seed: 14115893229614833815, levelgen mode: deterministic

3460 vurker the Zephyrmancer (level 9, 43/43 HPs)
             Began as a Felid Air Elementalist on Feb 20, 2020.
             Was a Follower of Vehumet.
             Quit the game on level 10 of the Dungeon.
             The game lasted 00:26:11 (18025 turns).

vurker the Zephyrmancer (Felid Air Elementalist)   Turns: 18025, Time: 00:26:11

Health: 43/43      AC:  4    Str:  4    XL:     9   Next: 78%
Magic:  24/24      EV: 18    Int: 19    God:    Vehumet [*.....]
Gold:   304        SH:  0    Dex: 22    Spells: 18/28 levels left
                                        Lives:  0   Deaths: 2

rFire    . . .     SeeInvis +   (weapon unavailable)
rCold    . . .     Gourm    .   (shield unavailable)
rNeg     . . .     Faith    .   (armour unavailable)
rPois    .         Spirit   .   (helmet unavailable)
rElec    .         Reflect  .   (cloak unavailable)
rCorr    .         Harm     .   (gloves unavailable)
MR       +....                  (boots unavailable)
Stlth    +++.......             f - amulet of regeneration
HPRegen  0.54/turn              h - +2 ring of protection
MPRegen  0.19/turn              l - +4 ring of dexterity

@: quick
A: very small, no armour, no weapons or thrown items, stealth, claws 1, fangs 3,
see invisible, carnivore, speed 1, shaggy fur 2, slow metabolism 1, sharp paws
a: Renounce Religion


You were on level 10 of the Dungeon.
You worshipped Vehumet.
Vehumet was aware of your devotion.
You were full.

You visited 2 branches of the dungeon, and saw 12 of its levels.

You collected 570 gold pieces.
You spent 266 gold pieces at shops.

Inventory:

Jewellery
 f - an amulet of regeneration (around neck)
   (You found it on level 1 of the Dungeon)
 h - a +2 ring of protection (left paw)
   (You found it on level 2 of the Dungeon)
 k - an uncursed ring of fire
   (You found it on level 3 of the Dungeon)
 l - a +4 ring of dexterity (right paw)
   (You found it on level 3 of the Dungeon)
Wands
 d - a wand of iceblast (9)
   (You found it on level 8 of the Dungeon)
 j - a wand of polymorph (6)
   (You found it on level 2 of the Dungeon)
Scrolls
 a - a scroll of identify
 b - 9 scrolls of remove curse
 i - a scroll of blinking
 n - 3 scrolls of noise
 o - a scroll of enchant armour {unknown}
 p - 5 scrolls of teleportation
 q - 2 scrolls of magic mapping
 r - 2 scrolls of immolation
 t - 2 scrolls of random uselessness {unknown}
 u - 5 scrolls of fog
 w - a scroll of fear {unknown}
 A - a scroll of brand weapon {unknown}
Potions
 c - 4 potions of brilliance
 g - 4 potions of curing
 m - 3 potions of lignification
 v - a potion of invisibility
 y - a potion of flight
 z - a potion of heal wounds
 B - a potion of haste
 D - 2 potions of resistance
Comestibles
 e - 20 rations


   Skills:
 + Level 7.2 Fighting
 - Level 2.6 Dodging
 - Level 2.6 Stealth
 * Level 10.0 Spellcasting
 * Level 7.5 Conjurations
 * Level 10.1 Air Magic


You had 18 spell levels left.
You knew the following spells:

 Your Spells              Type           Power        Failure   Level  Hunger
a - Shock                 Conj/Air       ####         1%          1    None
b - Lightning Bolt        Conj/Air       #####.....   5%          5    #####..
c - Airstrike             Air            #####.....   1%          4    ##.....

Your spell library contained the following spells:

 Spells                   Type           Power        Failure   Level  Hunger
 Freeze                   Ice            #...         8%          1    None
 Swiftness                Chrm/Air       ####....     1%          2    None
 Static Discharge         Conj/Air       #####...     1%          3    None
 Dazzling Flash           Conj/Hex       ###...       4%          3    None
 Animate Skeleton         Necr           N/A          8%          1    None
 Apportation              Tloc           #.....       8%          1    None
 Corona                   Hex            #......      8%          1    None
 Summon Small Mammal      Summ           #...         8%          1    None
 Ensorcelled Hibernation  Hex/Ice        #.....       11%         2    None
 Confusing Touch          Hex            #.......     22%         3    None
 Tukima's Dance           Hex            #.......     22%         3    None


Dungeon Overview and Level Annotations

Branches:
Dungeon (11/15)            Temple (1/1) D:4            Lair (0/6) D:8
    Orc: D:9-12

Altars:
Ashenzari
Cheibriados
Dithmenos
Elyvilon
Fedhas
Gozag
Hepliaklqana
Kikubaaqudgha
Makhleb
Nemelex Xobeh
Okawaru
Qazlal
Ru
Sif Muna
Trog
Uskayaw
Vehumet
Wu Jian
Xom
Yredelemnul
Zin
The Shining One

Shops:
D:5 *(*(   D:6 !   D:9 !

Annotations:
D:4 1 runed translucent door, 1 exclusion, Pikel; mopl's ghost, amateur TeWr
D:11 2 transporters, Flugslaktarn's ghost, journeyman DDFi


Innate Abilities, Weirdness & Mutations

You cannot wear armour.
You are incapable of wielding weapons or throwing items.
Your paws allow you to move quietly. (Stealth)
You have sharp claws.
You have razor-sharp teeth.
You have supernaturally acute eyesight. (SInv)
You are carnivorous and can eat meat at any time.
You cover ground quickly.
You are covered in thick fur. (AC +2)
You have a slow metabolism.
Your sharp claws are effective at attacking unaware monsters.


Message History

There is a stone staircase leading up here.
The cyan ugly thing barely misses you.
You climb upwards.
There is a stone staircase leading down here.
Aim: a cyan ugly thing The air twists around and strikes the cyan ugly thing!
The zap hits the cyan ugly thing but does no damage.
The zap hits the cyan ugly thing.
The cyan ugly thing resists.
Okay, then.
Okay, then.
The cyan ugly thing misses you.
Okay, then.
The zap hits the cyan ugly thing.
The cyan ugly thing resists.
The zap hits the cyan ugly thing.
The cyan ugly thing resists.
The cyan ugly thing tentacle-slaps you! The cyan ugly thing shocks you!
The zap hits the cyan ugly thing.
The cyan ugly thing resists.
The zap hits the cyan ugly thing.
The cyan ugly thing resists.
The cyan ugly thing completely misses you.
The zap hits the cyan ugly thing.
The cyan ugly thing resists.
The zap hits the cyan ugly thing.
The cyan ugly thing completely resists.
The cyan ugly thing tentacle-slaps you.
* * * LOW HITPOINT WARNING * * *
The cyan ugly thing shocks you!
* * * LOW HITPOINT WARNING * * *
There is an open door here.
There is an open door here.
You close the door.
A cyan ugly thing opens the door.
You close the door.
A cyan ugly thing opens the door.
You close the door.
A cyan ugly thing opens the door.
You close the door.
A cyan ugly thing opens the door.
You close the door.
A cyan ugly thing opens the door.
You close the door.
A cyan ugly thing opens the door.
You close the door.
A cyan ugly thing opens the door.
You close the door.
A cyan ugly thing opens the door.
Okay, then.
Aim: a cyan ugly thing (lightly wounded)
The air twists around and strikes the cyan ugly thing!
Aim: a cyan ugly thing (lightly wounded)
The air twists around and strikes the cyan ugly thing!
The cyan ugly thing tentacle-slaps you!
* * * LOW HITPOINT WARNING * * *
The cyan ugly thing shocks you!
You die...
You are now level 9!
You rejoin the land of the living...
Eating one of 2 chunks of flesh.
You eat one of the 2 chunks of flesh.
This raw flesh tastes great.
Eating a chunk of flesh.
You eat the chunk of flesh.
This raw flesh tastes great.
Done exploring.

.....................#....#....#
.....................#....#....#
.....##......##......#....#....#
.....##......##.....##...##...###
......'......+......#######...##.
.....##......##.....##....'......
#'#####......##.....##....#......
.....##......##...........#......
...<.##......##.@.........#...###
......#.....>......[......#...##.
......#.............##...##......
......'.............#######...##.
......#..................##...##.
.....##########.)..<......#......
#######......##.....##....#......
......#......####[####....#......
......#.............####'##...###


There were no monsters in sight!

Vanquished Creatures
  Gastronok (D:10)
  Snorg (D:10)
  Erolcha (D:10)
  Erica (D:9)
  An orc high priest (D:11)
  The ghost of Thantalas the Covert, a novice OpCj of Vehumet (D:7)
  A cyclops (D:9)
  A troll (D:11)
  2 hippogriffs
  A yak (D:8)
  A wyvern (D:10)
  A basilisk (D:8)
  A hungry ghost (D:9)
  Grum (D:10)
  A water moccasin (D:11)
  2 orc warriors
  7 phantoms
  An ice beast (D:10)
  An eye of draining (D:11)
  3 sky beasts
  A tengu (D:6)
  4 wolves
  3 centaurs
  An ogre (D:5)
  A crocodile (D:8)
  A big kobold (D:8)
  5 bullfrogs
  A gnoll sergeant (D:7)
  3 scorpions
  9 killer bees (D:10)
  5 wights (D:6)
  5 crimson imps
  9 howler monkeys
  A quasit (D:8)
  6 orc wizards
  A bullfrog zombie (D:10)
  4 orc priests
  5 hounds
  A jelly (D:8)
  2 bullfrog skeletons
  3 iguanas
  2 centaur skeletons
  A gnoll shaman (D:5)
  6 worker ants
  18 gnolls
  7 adders
  4 shadow imps
  An ooze (D:3)
  2 adder skeletons
  An adder zombie (D:5)
  2 worms (D:2)
  4 dart slugs (D:1)
  4 leopard geckos
  19 orcs
  A ball python (D:5)
  10 bats
  6 giant cockroaches
  7 hobgoblins
  10 jackals
  9 kobolds
  2 quokkas
  A frilled lizard (D:1)
  10 goblins
  A jackal skeleton (D:5)
  A leopard gecko zombie (D:6)
  8 rats
238 creatures vanquished.

Vanquished Creatures (others)
  An orc (D:9)
  A hobgoblin (D:2)
  A frilled lizard (D:2)
  A kobold (D:2)
4 creatures vanquished.

Grand Total: 242 creatures vanquished

Notes
Turn   | Place    | Note
-------+----------+-------------------------------------------
     0 | D:1      | vurker the Felid Air Elementalist began the quest for the
                  | Orb.
     0 | D:1      | Reached XP level 1. HP: 7/7 MP: 4/4
    36 | D:1      | Reached skill level 1 in Conjurations
   194 | D:1      | Reached XP level 2. HP: 6/12 MP: 0/6
   786 | D:1      | Reached XP level 3. HP: 10/15 MP: 0/7
  1481 | D:2      | Reached skill level 1 in Fighting
  1960 | D:2      | Reached XP level 4. HP: 19/19 MP: 4/9
  2745 | D:2      | Found an ornate altar of the Wu Jian Council.
  3204 | D:3      | Reached XP level 5. HP: 22/22 MP: 6/10
  3543 | D:3      | Learned a level 5 spell: Lightning Bolt
  3548 | D:3      | Learned a level 4 spell: Airstrike
  4072 | D:4      | Found a runed translucent door.
  4087 | D:4      | Found an iron altar of Okawaru.
  4088 | D:4      | Found a sacrificial altar of Ru.
  4094 | D:4      | Found a staircase to the Ecumenical Temple.
  4103 | Temple   | Entered the Ecumenical Temple
  4599 | D:4      | Found a sparkling altar of Nemelex Xobeh.
  4621 | D:4      | Noticed Pikel
  4621 | D:4      | Noticed a slave
  4730 | D:4      | Noticed a slave
  4851 | D:4      | Found a white marble altar of Elyvilon.
  4851 | D:4      | Found a shimmering blue altar of Sif Muna.
  4852 | D:4      | Found a glowing golden altar of the Shining One.
  4948 | D:4      | Noticed mopl's ghost (amateur TeWr)
  5055 | D:5      | Entered Level 5 of the Dungeon
  5191 | D:5      | Gained mutation: You are covered in thick fur. (AC +2)
                  | [Felid growth]
  5191 | D:5      | Reached XP level 6. HP: 20/26 MP: 2/12
  5342 | D:5      | Found Xalulane's Weapon Shop.
  5777 | D:5      | Reached XP level 7. HP: 28/30 MP: 0/14
  6278 | D:5      | Found Dafi Lef's General Store.
  6286 | D:5      | Bought a scroll of fog for 22 gold pieces
  6286 | D:5      | Bought a potion of invisibility for 88 gold pieces
  6407 | D:5      | Reached skill level 5 in Air Magic
  6926 | D:5      | Found Huomuf's Antique Weapon Shoppe.
  7127 | D:5      | Found Xyudugiha's General Store.
  7133 | D:5      | Bought a potion of flight for 39 gold pieces
  7133 | D:5      | Bought a scroll of identify for 26 gold pieces
  7133 | D:5      | Bought a scroll of identify for 26 gold pieces
  7160 | D:5      | Reached skill level 5 in Spellcasting
  7495 | D:5      | Reached XP level 8. HP: 34/34 MP: 4/17
  8774 | D:6      | Found Ovvusunu's Distillery.
  8830 | D:6      | Found a glowing silver altar of Zin.
  8831 | D:6      | Found an opulent altar of Gozag.
  9170 | D:6      | Bought a potion of heal wounds for 65 gold pieces
  9326 | D:7      | Noticed a hippogriff
  9329 | D:7      | Killed a hippogriff
  9636 | D:6      | Found Ovvusunu's Distillery.
  9895 | D:6      | Found a glowing silver altar of Zin.
  9896 | D:6      | Found an opulent altar of Gozag.
  9912 | D:6      | Reached XP level 9. HP: 39/39 MP: 6/20
 10890 | D:7      | Found a large runed translucent door.
 10890 | D:7      | Found a large runed translucent door.
 11183 | D:7      | You fall into a shaft and drop 1 floor!
 11188 | D:8      | Reached skill level 5 in Fighting
 12016 | D:7      | Noticed Thantalas's ghost (novice OpCj)
 12130 | D:7      | Killed Thantalas's ghost
 12130 | D:7      | Reached skill level 5 in Conjurations
 12642 | D:8      | Found a staircase to the Lair.
 12767 | D:8      | Found a shadowy altar of Dithmenos.
 12770 | D:8      | Found a burning altar of Makhleb.
 12771 | D:8      | Found a radiant altar of Vehumet.
 12771 | D:8      | Found a hazy altar of Hepliaklqana.
 12832 | D:8      | Became a worshipper of Vehumet
 12907 | D:8      | Reached XP level 10. HP: 45/45 MP: 10/23
 13659 | D:9      | Noticed a cyclops
 13738 | D:9      | Noticed Erica
 14346 | D:9      | Reached * piety under Vehumet
 14346 | D:9      | Offered knowledge of Freeze by Vehumet.
 14567 | D:9      | Killed a cyclops
 14712 | D:9      | Found Ashruax's Distillery.
 14758 | D:9      | Killed Erica
 15174 | D:10     | Entered Level 10 of the Dungeon
 15611 | D:10     | Noticed Gastronok
 15753 | D:10     | Noticed Grum
 15889 | D:10     | Killed Grum
 16090 | D:10     | Noticed Erolcha
 16091 | D:10     | Noticed Snorg
 16425 | D:10     | Killed Gastronok
 16425 | D:10     | Reached XP level 11. HP: 21/49 MP: 0/25
 16588 | D:10     | Killed Erolcha
 17102 | D:10     | Slain by Snorg
 17103 | D:10     | Reached XP level 10. HP: -3/47 MP: 6/24
 17163 | D:10     | Killed Snorg
 17565 | D:11     | Found a transporter.
 17677 | D:11     | Reached skill level 10 in Air Magic
 17817 | D:11     | Found a transporter.
 17821 | D:11     | Noticed Flugslaktarn's ghost (journeyman DDFi)
 17824 | D:11     | Noticed a moth of wrath
 17824 | D:11     | Noticed a manticore
 17848 | D:11     | Noticed an orc high priest
 17858 | D:11     | Killed an orc high priest
 17858 | D:11     | Reached skill level 10 in Spellcasting
 17942 | D:11     | Noticed a cyan ugly thing
 18022 | D:10     | Mangled by a cyan ugly thing
 18023 | D:10     | Reached XP level 9. HP: -7/43 MP: 9/24
 18025 | D:10     | Quit the game

Levels and vault maps discovered:
D:1:      minmay_arrival_floating_metal, layout_rooms, minivault_25,
          minmay_misc_feat_tiny
D:2:      layout_loops_ring, lemuel_round_altar, lemuel_flame_loot_1
D:3:      layout_basic, first_ration
D:4:      layout_cave_pools, minitemple, nemelex_xobeh_ov_fountains_minmay,
          minmay_temple_entry_glass, ebering_ghost_sewer_d, uniq_pikel
D:5:      layout_gridville, serial_shops, shop, shop, shop, nicolae_shop_stone,
          minmay_misc_feat_four_crosses
D:6:      layout_gridville, grunt_temple_overflow_gold_and_silver, serial_shops,
          shop
D:7:      layout_loops_ring, ebering_ghost_disaster_area
D:8:      layout_basic, grunt_temple_overflow_open, david_lair_generic
D:9:      layout_rooms, serial_shops, shop, uniq_erica
D:10:     layout_gridville, uniq_erolcha, uniq_grum, uniq_gastronok, uniq_snorg
D:11:     minmay_the_grid_plus [minmay_the_grid_square_x,
          minmay_the_grid_stretched_grid, minmay_the_grid_minigrid_small_alt,
          minmay_the_grid_spin_star, minmay_the_grid_prize_trominoes],
          layout_cave_pools, david_orc_2, gammafunk_ghost_berserking_beasts,
          hangedman_pestilent_swarm
Temple:   jpeg_temple_island

Skill      XL: |  1  2  3  4  5  6  7  8  9 10 11 |
---------------+----------------------------------+-----
Conjurations   | 1 2 3 4 5 6 7 |  7.5
Air Magic      | 3 4 5 6 8 10 | 10.1
Fighting       | 1 2 3 4 5 6 7 |  7.2
Spellcasting   | 3 4 5 6 8 10 | 10.0
Dodging        | |  2.6
Stealth        | |  2.6

Action                   |  1- 3 |  4- 6 |  7- 9 | 10-12 || total
-------------------------+-------+-------+-------+-------++-------
Melee: Unarmed           |    47 |    38 |     9 |       ||    94
       Bite              |     4 |     4 |     1 |       ||     9
 Cast: Shock             |    87 |   156 |    59 |    12 ||   314
       Airstrike         |       |     6 |   133 |   155 ||   294
Evoke: Wand              |       |       |     1 |    13 ||    14
  Use: Scroll            |       |     8 |     5 |     3 ||    16
  Eat: Chunk             |    10 |     7 |    35 |    27 ||    79
Armor: Skin              |     3 |     6 |     5 |     8 ||    22
Dodge: Dodged            |    63 |    49 |    30 |    48 ||   190

Table legend:
 A = Non-vault XP
 B = Vault XP
 C = Vault XP percentage of total XP
 D = Non-vault monster count
 E = Vault monster count
 F = Vault count percentage of total count
                 A         B        C        D         E       F
            +---------+---------+-------+---------+---------+-------
      Total |    7978 |    8866 |  52.6 |     218 |      21 |   8.8
            +---------+---------+-------+---------+---------+-------
        D:1 |      61 |       0 |   0.0 |      30 |       0 |   0.0
        D:2 |      88 |       0 |   0.0 |      27 |       0 |   0.0
        D:3 |      71 |       0 |   0.0 |      15 |       0 |   0.0
        D:4 |     151 |       0 |   0.0 |       4 |       0 |   0.0
        D:5 |     887 |       0 |   0.0 |      28 |       0 |   0.0
        D:6 |    1315 |       0 |   0.0 |      27 |       0 |   0.0
        D:7 |    1347 |     725 |  35.0 |      27 |       1 |   3.6
        D:8 |     643 |     775 |  54.7 |      18 |       4 |  18.2
        D:9 |    1674 |    1058 |  38.7 |      22 |       2 |   8.3
       D:10 |    1653 |    4814 |  74.4 |      19 |       7 |  26.9
       D:11 |      88 |    1494 |  94.4 |       1 |       7 |  87.5
            +---------+---------+-------+---------+---------+-------
